Map: SALT Emerald Plaza

Players

AlucArd

  • Race: Protoss Protoss

Player 2

  • Race: Zerg Zerg

Player 13

  • Race: Protoss Protoss

VOD

Have the link to the VOD?

Description

First time making a build order. Needs some tweaking i think.. :)

Time

  • Played on: Dec. 22, 2024, 11:54 p.m.
  • Length: 18:50
Show
View Real Time Build Order
Export as new Build Order

AlucArd Protoss 

Build Orders: Blink Stalkers, GothicGhost 

Get SALT Encoding   

  1  0:00  Terran Ship Weapons Level 1, Combat Shield, Protoss Air Armor Level 2, Psionic Storm, Zerg Melee Weapons Level 2, Zerg Flyer Weapons Level 1, Terran Infantry Weapons Level 3, Behemoth Reactor, Protoss Air Weapons Level 2, Zerg Ground Armor Level 1, Zerg Melee Weapons Level 1, Zerg Missile Weapons Level 3, Hi-Sec Auto Tracking, Extended Thermal Lance, Muscular Augments x2, Protoss Ground Armor Level 3, Tunneling Claws, Terran Ship Armor Level 3, Terran Vehicle Armor Level 1, Corvid Reactor, Protoss Ground Weapons Level 1, Zerg Flyer Weapons Level 3, Terran Ship Armor Level 1, Terran Vehicle Weapons Level 2, Terran Infantry Armor Level 2, Ventral Sacs, Moebius Reactor, Protoss Shields Level 1, Caduceus Reactor, Neosteel Frame, Zerg Flyer Weapons Level 2, Chitinous Plating, Protoss Ground Armor Level 2, Gravitic Boosters, Zerg Melee Weapons Level 3, Pathogen Glands, Zerg Ground Armor Level 2, Protoss Shields Level 2, Zerg Flyer Armor Level 2, Protoss Ground Armor Level 1, Protoss Air Armor Level 3, Zerg Missile Weapons Level 1, Weapon Refit, Protoss Ground Weapons Level 2, Neural Parasite, Infernal Pre-Igniter, Terran Vehicle Weapons Level 1, Charge, Resonating Glaives, Zerg Flyer Armor Level 3, Blink, Burrow, Glial Reconstitution, Terran Infantry Weapons Level 1, Gravitic Drive, Terran Infantry Armor Level 1, Stimpack, Neosteel Armor, Enduring Locusts, Terran Vehicle Armor Level 3, Terran Ship Armor Level 2, Terran Infantry Weapons Level 2, Protoss Air Weapons Level 1, Zerg Missile Weapons Level 2, Zerg Ground Armor Level 3, Metabolic Boost, Terran Vehicle Weapons Level 3, Cloaking Field, Graviton Catapult, Terran Vehicle Armor Level 2, Adrenal Glands, Protoss Ground Weapons Level 3, Terran Ship Weapons Level 3, Terran Infantry Armor Level 3, Durable Materials, Personal Cloaking, Protoss Shields Level 3, Centrifugal Hooks, Warp Gate, Terran Ship Weapons Level 2, Protoss Air Armor Level 1, Protoss Air Weapons Level 3, Zerg Flyer Armor Level 1  
    0:06  Concussive Shells, Pneumatized Carapace  
    0:49  Unknown x5  
    0:56  Probe x12  
    1:08  Probe, Unknown  
  13  1:16  Probe  
  14  1:29  Pylon  
  14  1:31  Probe  
  15  1:51  Gateway  
  15  1:53  Probe  
  16  1:59  Assimilator  
  16  2:05  Probe  
  17  2:13  Probe  
  17  2:21  Probe  
  19  2:31  Probe  
  20  2:44  Nexus  
  20  2:54  Cybernetics Core  
  20  3:00  Assimilator  
  20  3:02  Zealot  
  22  3:08  Pylon  
  22  3:17  Pylon  
  22  3:21  Pylon  
  22  3:33  Probe, Warp Gate  
  22  3:41  Probe  
  24  3:53  Probe  
  24  4:02  Probe  
  26  4:11  Probe, Pylon  
  27  4:17  Pylon  
  27  4:20  Pylon  
  27  4:23  Probe  
  28  4:25  Pylon  
  28  4:35  Probe, Sentry  
  31  4:47  Probe  
  31  4:51  Forge  
  32  4:57  Adept  
  32  4:59  Probe  
  35  5:05  Robotics Facility  
  35  5:08  Twilight Council  
  35  5:11  Probe  
  35  5:15  Stalker  
  35  5:19  Probe  
  39  5:46  Resonating Glaives  
  39  6:00  Gateway  
  39  6:02  Gateway  
  39  6:06  Gateway  
  39  6:11  Gateway  
  39  6:12  Gateway  
  39  6:15  Gateway  
  39  6:25  Gateway  
  39  6:26  Gateway  
  39  6:33  Gateway  
  39  6:36  Gateway  
  39  7:03  Probe x2  
  41  7:11  Stalker  
  41  7:15  Probe x2, Sentry  
  46  7:16  Protoss Shields Level 1  
  46  7:21  Stalker  
  49  7:36  Observer  
  50  7:48  Warp Prism  
  50  7:52  Protoss Air Weapons Level 1  
  52  8:24  Warp Prism  
  54  8:51  Robotics Facility  
  54  8:58  Stalker  
  54  8:59  Stalker  
  54  9:00  Stalker x2, Immortal  
  66  9:03  Adept x2  
  66  9:04  Adept x3  
  66  9:05  Adept  
  66  9:07  Protoss Ground Weapons Level 1  
  78  9:10  Sentry  
  80  9:50  Protoss Air Armor Level 1  
  80  10:22  Robotics Bay  
  80  11:04  Protoss Ground Armor Level 1  
  80  11:07  Twilight Council  
  80  11:12  Pylon  
  80  11:14  Pylon  
  80  11:23  Assimilator  
  80  11:25  Probe, Assimilator  
  80  11:28  Gravitic Drive, Pylon  
  80  11:32  Pylon  
  81  11:33  Probe  
  82  11:42  Probe  
  83  11:55  Probe  
  84  12:06  Dark Shrine  
  84  12:24  Warp Prism  
  84  12:25  Extended Thermal Lance  
  84  12:28  Colossus  
  92  12:58  Warp Prism  
  92  13:00  Protoss Shields Level 2  
  94  13:22  Colossus  
  100  13:42  Immortal  
  102  14:09  Shield Battery  
  102  14:16  Shield Battery  
  102  14:23  Shield Battery  
  102  17:04  Adept  
  102  17:05  Adept x2  
  102  17:06  Adept  
  102  17:07  Adept x2  
  102  17:08  Adept  
  116  17:09  Adept x2  
  116  17:10  Adept  
  116  17:12  Adept  
  124  17:22  Shield Battery  
  124  18:07  Shield Battery  
  124  18:08  Shield Battery  
  124  18:09  Shield Battery  
Show
View Real Time Build Order
Export as new Build Order

Player 2 Zerg 

Build Orders: Hatch First 

Get SALT Encoding   

  1  0:00  Terran Ship Weapons Level 1, Combat Shield, Protoss Air Armor Level 2, Psionic Storm, Zerg Melee Weapons Level 2, Zerg Flyer Weapons Level 1, Terran Infantry Weapons Level 3, Behemoth Reactor, Protoss Air Weapons Level 2, Zerg Ground Armor Level 1, Zerg Melee Weapons Level 1, Zerg Missile Weapons Level 3, Hi-Sec Auto Tracking, Extended Thermal Lance, Muscular Augments x2, Protoss Ground Armor Level 3, Tunneling Claws, Terran Ship Armor Level 3, Terran Vehicle Armor Level 1, Corvid Reactor, Protoss Ground Weapons Level 1, Zerg Flyer Weapons Level 3, Terran Ship Armor Level 1, Terran Vehicle Weapons Level 2, Terran Infantry Armor Level 2, Ventral Sacs, Moebius Reactor, Protoss Shields Level 1, Caduceus Reactor, Neosteel Frame, Zerg Flyer Weapons Level 2, Chitinous Plating, Protoss Ground Armor Level 2, Gravitic Boosters, Zerg Melee Weapons Level 3, Pathogen Glands, Zerg Ground Armor Level 2, Protoss Shields Level 2, Zerg Flyer Armor Level 2, Protoss Ground Armor Level 1, Protoss Air Armor Level 3, Zerg Missile Weapons Level 1, Weapon Refit, Protoss Ground Weapons Level 2, Neural Parasite, Infernal Pre-Igniter, Terran Vehicle Weapons Level 1, Charge, Resonating Glaives, Zerg Flyer Armor Level 3, Blink, Burrow, Glial Reconstitution, Terran Infantry Weapons Level 1, Gravitic Drive, Terran Infantry Armor Level 1, Stimpack, Neosteel Armor, Enduring Locusts, Terran Vehicle Armor Level 3, Terran Ship Armor Level 2, Terran Infantry Weapons Level 2, Protoss Air Weapons Level 1, Zerg Missile Weapons Level 2, Zerg Ground Armor Level 3, Metabolic Boost, Terran Vehicle Weapons Level 3, Cloaking Field, Graviton Catapult, Terran Vehicle Armor Level 2, Adrenal Glands, Protoss Ground Weapons Level 3, Terran Ship Weapons Level 3, Terran Infantry Armor Level 3, Durable Materials, Personal Cloaking, Protoss Shields Level 3, Centrifugal Hooks, Warp Gate, Terran Ship Weapons Level 2, Protoss Air Armor Level 1, Protoss Air Weapons Level 3, Zerg Flyer Armor Level 1  
    0:06  Concussive Shells, Pneumatized Carapace  
    0:49  Unknown x5  
    0:50  Overlord  
    0:56  Drone x12  
    1:08  Unknown  
    1:10  Drone  
  13  1:17  Drone  
  14  1:27  Overlord  
  14  1:51  Hatchery, Drone  
  14  2:09  Spawning Pool  
  14  2:10  Extractor  
  14  2:13  Drone  
  13  2:20  Drone  
  14  2:25  Overlord  
  14  2:56  Zergling x2  
  14  2:57  Queen  
  17  3:04  Roach Warren  
  16  3:08  Drone  
  17  3:13  Extractor  
  17  3:17  Drone  
  17  3:25  Zergling x2  
  18  3:35  Drone  
  19  3:42  Drone  
  20  3:49  Drone  
  20  3:53  Zergling x2  
  22  3:56  Drone  
  23  4:04  Drone  
  24  4:11  Drone  
  25  4:22  Roach  
  27  7:32  Roach, Drone  
  27  7:33  Overlord  
  27  7:35  Hatchery  
  29  7:39  Hatchery, Drone  
  29  7:47  Drone  
  30  7:54  Drone  
  31  8:01  Drone  
  32  8:08  Drone  
  32  8:10  Roach  
  32  8:15  Drone  
  31  8:22  Drone  
  32  8:30  Drone  
  33  8:37  Drone  
  35  8:48  Zergling x2  
  35  9:26  Roach  
  37  13:10  Pneumatized Carapace  
  37  13:45  Zergling x2  
  31  14:10  Roach  
  33  14:34  Roach  
  35  14:59  Roach  
  37  16:41  Zergling x2  
  37  16:43  Queen  
  29  17:03  Overlord  
  29  17:10  Roach  
  26  17:18  Drone  
  21  17:24  Queen  
  21  17:26  Drone  
  15  17:33  Drone  
  15  17:35  Roach  
  9  17:40  Drone  
  8  17:47  Drone  
  1  18:49  Hatchery  
Show
View Real Time Build Order
Export as new Build Order

Player 13 Protoss 

Build Orders:  

Get SALT Encoding   

Tags
 
Add a new tag
Caveats
  • Supply blocks, unpowered buildings, or Contaminate may cause inaccurate times.
  • Supply counts are checked every 10 seconds.